 Dungeon Crawl Stone Soup version 0.17.0-28-g6e173f8 (webtiles) character file.

2160 Oni the Shield-Bearer (level 9, -7/78 HPs)
             Began as a Formicid Fighter on Nov 23, 2015.
             Mangled by a salamander (glowing shapeshifter) (9 damage)
             ... on level 2 of the Abyss.
             The game lasted 00:17:17 (7016 turns).

Oni the Shield-Bearer (Formicid Fighter)            Turns: 7016, Time: 00:17:18

Health: -7/78      AC: 10    Str: 24    XL:     9   Next: 57%
Magic:  9/9        EV: 11    Int:  8    God:
Gold:   359        SH: 11    Dex: 13    Spells: 0 memorised, 8 levels left

rFire  . . .     SeeInvis +     a - +1 war axe
rCold  . . .     Clarity  .     b - +1 scale mail
rNeg   . . .     SustAt   +     c - +0 shield
rPois  .         Gourm    .     (helmet unavailable)
rElec  .         Spirit   .     e - +0 cloak
rCorr  .         Warding  .     (no gloves)
rMut   .         Stasis   +     (no boots)
MR     .....                    (no amulet)
Stlth  ..........               h - ring of sustain attributes
                                k - +3 ring of dexterity

@: not resistant to hostile enchantments, extremely unstealthy
A: permanent stasis, dig shafts and tunnels, four strong arms, antennae 3,
talons 1, robust 1
a: Dig, Shaft Self


You were on level 2 of the Abyss.
You were hungry.

You visited 1 branch of the dungeon, and saw 7 of its levels.
You visited the Abyss 1 time.

You collected 359 gold pieces.

Inventory:

Hand Weapons
 a - a +1 war axe (weapon)
Armour
 b - a +1 scale mail (worn)
 c - a +0 shield (worn)
 e - a +0 cloak (worn)
Jewellery
 d - an uncursed amulet of regeneration
 h - a ring of sustain attributes (right hand)
 k - a +3 ring of dexterity (left hand)
 s - an uncursed amulet of the gourmand {unknown}
Wands
 f - a wand of teleportation (6)
 m - a wand of slowing (7)
 r - a wand of cold (7)
Scrolls
 g - a scroll of recharging
 l - 3 scrolls of remove curse
 n - 3 scrolls of identify
 q - a scroll of magic mapping
 t - a scroll of fog
Potions
 i - a potion of curing
 p - 2 potions of might
Comestibles
 j - a bread ration
 o - a royal jelly
 u - a slice of pizza
 v - a meat ration


   Skills:
 + Level 6.6 Fighting
 + Level 5.4 Axes
 + Level 7.3 Armour
 + Level 4.3 Dodging
 + Level 1.5 Stealth
 + Level 7.3 Shields


You had 8 spell levels left.
You didn't know any spells.

Dungeon Overview and Level Annotations

Branches:
Dungeon (7/15)             Temple (0/1) D:4

Altars:
Kikubaaqudgha
Ru
Sif Muna
Yredelemnul
The Shining One


Innate Abilities, Weirdness & Mutations

You are under a permanent stasis effect.
You can dig through walls and to a lower floor.
Your four strong arms can wield two-handed weapons with a shield.
You have a pair of large antennae on your head (SInv).
You have sharp toenails.
You are robust (+10% HP).


Message History

The salamander is lightly wounded.
The salamander hits you!
You are engulfed in flames!
You hit the salamander. Your kick misses the salamander.
The salamander is lightly wounded.
The salamander barely misses you.
You barely miss the salamander.
You claw the salamander, but do no damage.
The salamander is lightly wounded.
The salamander hits you!
You are engulfed in flames!
You slash the salamander!
You claw the salamander, but do no damage.
The salamander is moderately wounded.
The salamander hits you!
* * * LOW HITPOINT WARNING * * *
You are engulfed in flames!
* * * LOW HITPOINT WARNING * * *
The salamander hits you.
* * * LOW HITPOINT WARNING * * *
You are engulfed in flames!
You die...

. . .#.#.........#
# .#.##..........#
#..#.#.........#
#............# #
..#..........# #
...#.#.........#
..#.....#..#.....#
..# . .
#........## ..
..{.. ###@..#♣.. .
...##.#N...'.... .
...........#♣...
#....#.....# ♣♣
.#.# #...... ..
#......# ########


You could see a salamander shaped shifter.

Vanquished Creatures
  3 wraiths (D:7)
  A phantom (D:6)
  An ice beast (D:7)
  3 ogres
  2 centaurs
  An elf zombie (D:7)
  An elf skeleton (D:7)
  The ghost of chonchonts the Chopper, a weakling MiFi (D:3)
  2 wights (D:7)
  3 crimson imps
  2 orc priests
  A centaur skeleton (D:7)
  2 human zombies (D:7)
  2 hounds
  A gnoll shaman (D:6)
  A jelly (D:5)
  2 orc wizards (D:4)
  A human skeleton (D:7)
  3 worker ants
  An ogre zombie (D:7)
  A hound skeleton (D:7)
  14 gnolls
  6 adders
  An ooze (D:3)
  An adder skeleton (D:4)
  8 worms
  13 giant geckos
  7 orcs
  2 ball pythons
  13 bats
  9 giant cockroaches
  3 goblins
  9 hobgoblins
  12 jackals
  3 quokkas
  2 giant cockroach zombies (D:5)
  4 giant newts
  12 kobolds
  An orc zombie (D:7)
  A quokka zombie (D:6)
  7 rats
163 creatures vanquished.

Notes
Turn   | Place    | Note
--------------------------------------------------------------
     0 | D:1      | Oni the Formicid Fighter began the quest for the Orb.
     0 | D:1      | Reached XP level 1. HP: 18/18 MP: 1/1
   439 | D:1      | Reached XP level 2. HP: 24/24 MP: 2/2
   676 | D:1      | Reached XP level 3. HP: 29/29 MP: 3/3
   740 | D:1      | Reached skill level 4 in Shields
  1098 | D:2      | Reached skill level 1 in Dodging
  1098 | D:2      | Reached XP level 4. HP: 32/36 MP: 4/4
  1538 | D:2      | Reached XP level 5. HP: 34/42 MP: 5/5
  2626 | D:3      | Noticed chonchonts's ghost (weakling MiFi)
  2637 | D:3      | Killed chonchonts's ghost
  2637 | D:3      | Reached XP level 6. HP: 20/48 MP: 6/6
  2819 | D:4      | Found a sacrificial altar of Ru.
  2899 | D:4      | Reached skill level 5 in Shields
  3325 | D:4      | Reached XP level 7. HP: 26/55 MP: 7/7
  3329 | D:4      | Reached skill level 1 in Stealth
  3588 | D:4      | Reached skill level 5 in Armour
  3749 | D:4      | Found a staircase to the Ecumenical Temple.
  4367 | D:5      | Entered Level 5 of the Dungeon
  4376 | D:5      | Reached skill level 5 in Fighting
  4560 | D:5      | Found a basalt altar of Yredelemnul.
  4797 | D:5      | Found a glowing golden altar of the Shining One.
  4974 | D:5      | Reached XP level 8. HP: 50/62 MP: 8/8
  5099 | D:6      | Reached skill level 6 in Shields
  5623 | D:6      | Gained mutation: You have sharp toenails. [potion of mutation]
  5623 | D:6      | Gained mutation: You are robust (+10% HP). [potion of mutation]
  5787 | D:6      | Found a deep blue altar of Sif Muna.
  6213 | D:7      | Reached XP level 9. HP: 33/75 MP: 9/9
  6627 | D:7      | Found an ancient bone altar of Kikubaaqudgha.
  6705 | D:7      | Reached skill level 5 in Axes
  6705 | D:7      | Reached skill level 7 in Shields
  6950 | D:7      | Cast into the Abyss (orc priest)
  6997 | Abyss:2  | Noticed a faun
  6997 | Abyss:2  | Noticed a moth of wrath
  6997 | Abyss:2  | a faun changed into a moth of wrath
  6998 | Abyss:2  | a moth of wrath changed into a boulder beetle
  7002 | Abyss:2  | Noticed a polar bear
  7002 | Abyss:2  | a boulder beetle changed into a polar bear
  7006 | Abyss:2  | Noticed a polar bear
  7006 | Abyss:2  | a human changed into a polar bear
  7009 | Abyss:2  | Noticed a guardian serpent
  7009 | Abyss:2  | a polar bear changed into a guardian serpent
  7011 | Abyss:2  | Noticed a salamander
  7011 | Abyss:2  | a guardian serpent changed into a salamander
  7016 | Abyss:2  | HP: 2/78 [salamander (glowing shapeshifter) (4)]
  7016 | Abyss:2  | Mangled by a salamander (glowing shapeshifter)

Action                   |  1- 3 |  4- 6 |  7- 9 || total
-------------------------+-------+-------+-------++-------
Melee: War axe           |   103 |   207 |   354 ||   664
  Use: Scroll            |     4 |    11 |     7 ||    22
       Potion            |     1 |     4 |     4 ||     9
 Stab: Paralysed         |       |     1 |       ||     1
  Eat: Bread ration      |       |     1 |     1 ||     2
       Meat ration       |       |     1 |       ||     1
       Beef jerky        |       |       |     3 ||     3
       Chunk             |       |       |     2 ||     2
